 Dungeon Crawl Stone Soup version 0.19.0 (webtiles) character file.

298 lorenzova the Sneak (level 6, -2/28 HPs)
             Began as a Spriggan Enchanter on Nov 1, 2016.
             Slain by an orc
             ... wielding a +0 war axe
              (10 damage)
             ... on level 4 of the Dungeon.
             The game lasted 00:05:43 (4913 turns).

lorenzova the Sneak (Spriggan Enchanter)            Turns: 4913, Time: 00:05:44

Health: -2/28      AC: 10    Str:  4    XL:     6   Next: 13%
Magic:  10/14      EV: 18    Int: 16    God:
Gold:   179        SH:  0    Dex: 19    Spells: 3 memorised, 9 levels left

rFire  . . .     SeeInvis +     n - +1 dagger (protect)
rCold  . . .     Gourm    .     b - +1 robe
rNeg   . . .     Faith    .     (shield restricted)
rPois  .         Spirit   .     (helmet restricted)
rElec  .         Reflect  .     (no cloak)
rCorr  .         Harm     .     (gloves unavailable)
MR     +....                    (boots unavailable)
Stlth  ++++......               s - amulet of magic regeneration (curse)
                                (no ring)
                                (no ring)

@: protection aura, drained, very quick
A: unfitting armour, see invisible, herbivore 3, speed 3, slow metabolism 2
a: no special abilities


You were on level 4 of the Dungeon.
You were not hungry.

You visited 1 branch of the dungeon, and saw 4 of its levels.

You collected 179 gold pieces.

Inventory:

Hand Weapons
 n - a +1 dagger of protection (weapon)
Armour
 b - a +1 robe (worn)
Jewellery
 f - an uncursed amulet of harm
 s - a cursed amulet of magic regeneration (around neck)
Scrolls
 g - 2 scrolls of fear {unknown}
 h - 4 scrolls of identify {unknown}
 i - 2 scrolls of recharging {unknown}
 k - a scroll of remove curse {unknown}
 m - 3 scrolls of teleportation {unknown}
 p - a scroll of fog {unknown}
 r - a scroll of magic mapping {unknown}
 u - a scroll of enchant weapon {unknown}
Potions
 e - a potion of experience {unknown}
 j - 2 potions of haste {unknown}
 o - a potion of cure mutation {unknown}
 q - 3 potions of curing {unknown}
 t - a potion of brilliance {unknown}
Books
 c - a book of Maledictions

   Spells                             Type                      Level
   a - Corona                         Hexes                        1
   b - Ensorcelled Hibernation        Hexes/Ice                    2
   c - Confuse                        Hexes                        3
   d - Tukima's Dance                 Hexes                        3
   e - Dazzling Spray                 Conjuration/Hexes            3
 l - a book of Changes

   Spells                             Type                      Level
   a - Beastly Appendage              Transmutation                1
   b - Sticks to Snakes               Transmutation                2
   c - Spider Form                    Transmutation/Poison         3
   d - Ice Form                       Ice/Transmutation            4
   e - Blade Hands                    Transmutation                5
Comestibles
 d - 3 bread rations


   Skills:
 - Level 1.1(1.0) Short Blades
 - Level 3.0(2.9) Dodging
 + Level 7.0(6.9) Stealth
 + Level 5.0 Spellcasting
 + Level 5.7(5.6) Hexes


You had 9 spell levels left.
You knew the following spells:

 Your Spells              Type           Power        Failure   Level  Hunger
a - Corona                Hex            ###....      1%          1    None
b - Ensorcelled Hibernat  Hex/Ice        ##....       10%         2    #......
c - Confuse               Hex            ###.....     6%          3    ###....


Dungeon Overview and Level Annotations

Branches:
Dungeon (4/15)
 Temple: D:4-7

Altars:
Fedhas
Kikubaaqudgha
Yredelemnul
The Shining One


Innate Abilities, Weirdness & Mutations

You are very small and have problems with some larger weapons.
You are too small for most types of armour.
You have supernaturally acute eyesight. (SInv)
You are a herbivore.
You cover ground extremely quickly.
You need consume almost no food.


Message History

An orc is nearby!
Casting: Confuse
Confirm with . or Enter, or press ? or * to list all spells.
Aiming: Ensorcelled Hibernation
Press: ? - help, Shift-Dir - straight line, f - orc
Aim: an orc, wielding a war axe (chance to defeat MR: 62%)
The orc resists with significant effort.
The orc hits you with a war axe!
* * * LOW HITPOINT WARNING * * *
You hit the orc but do no damage.
Your weapon exudes an aura of protection.
The orc closely misses you.
Casting: Ensorcelled Hibernation
Confirm with . or Enter, or press ? or * to list all spells.
Aiming: Ensorcelled Hibernation
Press: ? - help, Shift-Dir - straight line, f/p - orc
Aim: an orc, wielding a war axe (chance to defeat MR: 62%)
The orc resists with significant effort.
The orc hits you with a war axe!
You die...

#.##......######.
#.#.#........... ##
#..#.#...#####. #.#
##........###
#.###.............
#.#.######.###### #.##
#.# #o# #.# #@# ##+##
#.# ##...## ###.##
##.....##
###....###.......## #
#......##...[.....####
#.......+....(....'...
#....####.........####
#.#.## ##.......## #
#.#### ##.....## #


You could see an orc.

Vanquished Creatures
  The ghost of lorenzova the Sneak, an amateur SpEn (D:3)
  An orc priest (D:3)
  An orc wizard (D:4)
  An iguana (D:3)
  4 adders
  An ooze (D:1)
  A worm (D:2)
  A dart slug (D:2)
  12 orcs
  A ball python (D:2)
  7 bats
  2 giant cockroaches
  4 goblins (D:1)
  8 hobgoblins
  A kobold (D:1)
  2 quokkas
  4 frilled lizards
  2 gnoll zombies (D:3)
  6 rats
60 creatures vanquished.

Notes
Turn   | Place    | Note
-------+----------+-------------------------------------------
     0 | D:1      | lorenzova the Spriggan Enchanter began the quest for the Orb.
     0 | D:1      | Reached XP level 1. HP: 9/9 MP: 5/5
   402 | D:1      | Reached XP level 2. HP: 13/13 MP: 7/7
   406 | D:1      | Learned a level 2 spell: Ensorcelled Hibernation
  1180 | D:1      | Reached XP level 3. HP: 9/16 MP: 8/8
  1601 | D:2      | Reached skill level 5 in Stealth
  2224 | D:2      | Learned a level 3 spell: Confuse
  2456 | D:3      | Found a glowing golden altar of the Shining One.
  2504 | D:3      | Found a blossoming altar of Fedhas.
  2905 | D:3      | Noticed lorenzova's ghost (amateur SpEn)
  3128 | D:2      | Reached XP level 4. HP: 21/21 MP: 7/10
  3384 | D:3      | Found a basalt altar of Yredelemnul.
  3507 | D:3      | Found an ancient bone altar of Kikubaaqudgha.
  3659 | D:3      | Reached skill level 5 in Hexes
  3712 | D:3      | Reached skill level 6 in Stealth
  3712 | D:3      | Reached XP level 5. HP: 24/24 MP: 9/12
  4113 | D:3      | Killed lorenzova's ghost
  4512 | D:4      | Reached XP level 6. HP: 28/28 MP: 11/14
  4778 | D:4      | Reached skill level 7 in Stealth
  4778 | D:4      | Reached skill level 5 in Spellcasting
  4913 | D:4      | Slain by an orc

Skill      XL: |  1  2  3  4  5  6 |
---------------+-------------------+-----
Spellcasting   | 3 4 5 |  5.0
Hexes          | 4 5 |  5.7
Stealth        | 5 6 7 |  7.0
Short Blades   | |  1.1
Dodging        | |  3.0

Action                   |  1- 3 |  4- 6 || total
-------------------------+-------+-------++-------
Melee: Dagger            |   130 |   133 ||   263
 Cast: Ensorcelled Hiber |    11 |    23 ||    34
       Confuse           |     1 |    15 ||    16
 Stab: Sleeping          |    22 |    13 ||    35
       Confused          |     1 |     3 ||     4
       Distracted        |     1 |       ||     1
  Eat: Royal jelly       |       |     1 ||     1
       Fruit             |       |     3 ||     3
Armor: Robe              |    21 |    17 ||    38
Dodge: Dodged            |   103 |    97 ||   200
